[Event "*** Titled Tuesday Blitz"]
[Site "Chess.com"]
[Date "2019.02.05"]
[Round "6"]
[White "GMBenjaminBok"]
[Black "Genghis_K"]
[Result "0-1"]
[WhiteElo "2856"]
[BlackElo "2828"]
[TimeControl "180+2"]
[EndTime "14:24:10 PST"]
[Termination "Genghis_K won by resignation"]

1. Nf3 Nf6 2. c4 g6 3. g3 Bg7 4.
Bg2 O-O 5. d4 d6 6. Nc3 Bf5 7.
Nh4 Bc8 8. Nf3 Bf5 9. O-O Ne4 10. Nd5 c6 11. Ne3 Be6 12. b3 f5 13. Bb2 f4 14.
Nc2 Nd7 15. e3 fxg3 16. hxg3 Bg4 17. Nce1 Ng5 18. e4 c5 19. Qd3 Nxf3+ 20. Bxf3 Bh3 21.
Bg2 Bxg2 22. Nxg2 cxd4 23. Bxd4 Nc5 24. Qe3 Qc7 25. Rad1 Bxd4 26. Rxd4 e5 27. Rd5 Ne6 28. f4 Nd4 29. Rd1 Rae8 30. Ne1 Qf7 31. Kg2 exf4 32. Qxd4 fxg3 33. Qg1 Rxe4 34. Kxg3 Qf4+ 35. Kg2 Re2+ 36. Kh3 Qh6+ 37. Kg3 Qf4+ 38. Kh3 Re4 39. R1d3 Qh4+ 40.
Kg2 Re2+ 0-1

[Event "*** Titled Tuesday Blitz"]
[Site "Chess.com"]
[Date "2019.02.05"]
[Round "6"]
[White "gemarin"]
[Black "SergioGarciaFuentes"]
[Result "0-1"]
[WhiteElo "2086"]
[BlackElo "1998"]
[TimeControl "180+2"]
[EndTime "14:24:10 PST"]
[Termination "SergioGarciaFuentes won by resignation"]

1. d4 Nf6 2. c4 g6 3. Nc3 d5 4.
cxd5 Nxd5 5. e4 Nxc3 6. bxc3 Bg7 7. Bc4 c5 8. Ne2 O-O 9. O-O Nc6 10. Be3 b6 11. f3 Na5 12. Bd5 Bb7 13. Bxb7 Nxb7 14. Qa4 Qc7 15. Rac1 a6 16. d5 b5 17. Qc2 Nd6 18. Bf4 Qa7 19. a4 c4+ 20. Kh1 Qc5 21. Rb1 e5 22. dxe6 fxe6 23. Bxd6 Qxd6 24. axb5 axb5 25.
Rxb5 Qd3 26. Rb2 Ra3 27. Rc1 Bh6 28. Rd1 Qe3 29. h3 Rxf3 30. Rb8+ Rf8 31. Rxf8+ Bxf8 32. Qb2 Rb3 33. Qa2 Bc5 34. Qa8+ Kg7 35. Ng1 Rxc3 36. Qb7+ Kh6 37. Qb1 Rb3 38. Qa1 c3 39. Nf3 c2 40.
Re1 Qxe1+ 41. Qxe1 Rb1 42. Kh2 Rxe1 43. Nxe1 c1=Q 0-1

[Event "*** Titled Tuesday Blitz"]
[Site "Chess.com"]
[Date "2019.02.05"]
[Round "6"]
[White "AkibaRubi"]
[Black "talento10"]
[Result "0-1"]
[WhiteElo "2538"]
[BlackElo "2427"]
[TimeControl "180+2"]
[EndTime "14:24:13 PST"]
[Termination "talento10 won by resignation"]

1. d4 Nf6 2. c4 g6 3. Nc3 Bg7 4.
e4 d6 5. Nf3 O-O 6. Bd3 e5 7.
d5 a5 8. O-O Nh5 9. h3 Qe8 10.
Re1 Na6 11. b3 Nf4 12. Bc2 Qd7 13. Ne2 Nxg2 14. Kxg2 Qxh3+ 15. Kg1 Bg4 16. Ng3 h6 17. Bd3 f5 18. Bf1 Bxf3 19. Bxh3 Bxd1 20. Rxd1 f4 21.
Nf1 Nc5 22. f3 Bf6 23. Kf2 Kf7 24. Nd2 Rh8 25. Ba3 b6 26. Bxc5 bxc5 27. Rh1 h5 28.
Be6+ Ke7 29. Rag1 g5 30. Nf1 a4 31. Nd2 axb3 32. axb3 Ra2 33. Rd1 h4 34. Bg4 Rb8 35. Ke1 Rc2 36. Rh2 Ra8 37. Re2 Raa2 38. Kf2 Kd8 39. Ke1 Rab2 40. Rb1 Ra2 41. Kd1 c6 42. Ke1 Kc7 43. dxc6 Kxc6 44. Kd1 Bd8 45. Bh3 Ba5 46. Bf1 0-1

[Event "*** Titled Tuesday Blitz"]
[Site "Chess.com"]
[Date "2019.02.05"]
[Round "6"]
[White "m3alam"]
[Black "Chess2019Player"]
[Result "0-1"]
[WhiteElo "2149"]
[BlackElo "2052"]
[TimeControl "180+2"]
[EndTime "14:24:14 PST"]
[Termination "Chess2019Player won by resignation"]

1. d4 Nf6 2. Nf3 c5 3. d5 e6 4. c4 exd5 5. cxd5 d6 6. Nc3 g6 7. g3 Bg7 8. Bg2 O-O 9. Nd2 a6 10. a4 Re8 11. Nc4 Qe7 12. Bf4 Rd8 13. Nb6 Ra7 14. O-O Nbd7 15. Nxc8 Rxc8 16. Re1 b6 17. e4 Ne5 18. Qe2 Re8 19. h3 Nfd7 20. Rad1 c4 21. Qe3 Nd3 22. Re2 N7c5 23. b4 Nxf4 24.
gxf4 Nd3 25. Na2 b5 26. Qb6 Nxf4 27. Re3 bxa4 28. Rc1 Qg5 29. Rg3 Ne2+ 30. Kh2 Nxg3 31. fxg3 Qe7 32. Rxc4 h5 33. Rc6 Be5 34. h4 Qxh4+ 35.
Kg1 Qe7 36. Nc1 a3 37. Ne2 a2 38. Rc1 0-1

[Event "*** Titled Tuesday Blitz"]
[Site "Chess.com"]
[Date "2019.02.05"]
[Round "6"]
[White "riconaipe"]
[Black "TheBigBadChessDad"]
[Result "0-1"]
[WhiteElo "2422"]
[BlackElo "2288"]
[TimeControl "180+2"]
[EndTime "14:24:14 PST"]
[Termination "TheBigBadChessDad won by resignation"]

1. d4 Nf6 2. c4 e6 3. Nc3 Bb4 4. e3 Bxc3+ 5. bxc3 c5 6. Bd3 d6 7.
Ne2 e5 8. O-O Nc6 9. Qc2 h6 10. f4 exd4 11. exd4 O-O 12. d5 Na5 13. Ng3 Re8 14. Bd2 b6 15. Rae1 Bd7 16. Rxe8+ Qxe8 17. Re1 Qf8 18. f5 Re8 19. Qd1 Rxe1+ 20. Qxe1 Qe8 21.
Qxe8+ Nxe8 22. Bf4 Kf8 23. Nf1 Ke7 24. g4 Bc8 25.
Kf2 Ba6 26. Ne3 Nf6 27. h4 Nd7 28. g5 hxg5 29. hxg5 Ne5 30. Bxe5 dxe5 31. Kf3 f6 32.
gxf6+ gxf6 33. Kg4 Nb7 34. Kh5 Kf7 35. Kh6 Nd6 36.
Kh7 Bc8 37. a3 e4 38. Be2 Nxf5 39. Bh5+ Ke7 40. Ng2 Nd6 41. Be2 Ba6 42. Kg6 Bxc4 43. Bxc4 Nxc4 44. Kf5 e3 45. Ke4 Kd6 46. Kd3 b5 47. a4 a6 48. axb5 axb5 49. Ke4 b4 50. cxb4 cxb4 51. Kd4 b3 52. Kc3 b2 53. Kc2 Kxd5 54.
Nxe3+ Nxe3+ 55. Kxb2 Ke4 56. Kc1 Kd3 57. Kb2 f5 58. Kc1 f4 59. Kb2 f3 60. Ka3 f2 61.
Kb4 f1=Q 62. Kc5 Qf5+ 0-1

[Event "*** Titled Tuesday Blitz"]
[Site "Chess.com"]
[Date "2019.02.05"]
[Round "6"]
[White "masrahi"]
[Black "Eliwood44"]
[Result "0-1"]
[WhiteElo "1849"]
[BlackElo "2118"]
[TimeControl "180+2"]
[EndTime "14:24:16 PST"]
[Termination "Eliwood44 won by resignation"]

1. c4 e6 2. Nc3 d5 3. d4 Nf6 4.
cxd5 exd5 5. Bg5 Nbd7 6. e3 Be7 7. Bd3 c6 8. Qc2 h6 9. Bh4 Nh5 10. Bxe7 Qxe7 11. Nf3 Nhf6 12. O-O O-O 13. Rab1 a5 14. a3 Re8 15. b4 axb4 16. axb4 b5 17. h3 Nb6 18. Ne5 Bb7 19. Be2 Nfd7 20. Nxd7 Qxd7 21. Na2 Nc4 22. Nc1 Na3 23. Qb2 Nxb1 24. Qxb1 Qd6 25. Nd3 Bc8 26. Nc5 Re7 27. Qd3 Rea7 28. Rc1 Ra1 29. Qd1 Rxc1 30. Qxc1 Bf5 31. Bf3 Ra2 32. Nb7 Qb8 33. Nc5 Qa7 34. Kh2 Ra1 35. Qc3 Qa3 36. Qxa3 Rxa3 37. g4 Bc8 38. Kg3 Ra2 39. h4 Rb2 40.
Nd3 Rb3 41. Ne5 Bb7 42. Nd7 Rxb4 43. Nc5 Bc8 44. g5 hxg5 45. hxg5 g6 46. Bg4 Bxg4 47.
Kxg4 Rb2 48. Nd3 Rd2 49. Ne5 Rxf2 50. Nxc6 Rc2 51. Nb4 Rc4 52. Nxd5 b4 53. Kf3 b3 54. Ke2 b2 55. Kd3 Rc1 56. Ne7+ Kf8 57. Nd5 b1=Q+ 0-1

[Event "*** Titled Tuesday Blitz"]
[Site "Chess.com"]
[Date "2019.02.05"]
[Round "6"]
[White "Jbd735"]
[Black "Vulcanochess"]
[Result "1-0"]
[WhiteElo "2469"]
[BlackElo "2267"]
[TimeControl "180+2"]
[EndTime "14:24:19 PST"]
[Termination "Jbd735 won by resignation"]

1. e4 c5 2. Nf3 Nc6 3. d4 cxd4 4. Nxd4 Nf6 5. Nc3 e6 6. Ndb5 Bc5 7. Bf4 O-O 8. Bd6 Bxd6 9. Nxd6 a6 10. Qd2 Ne8 11. O-O-O Nxd6 12. Qxd6 b5 13. f4 Qa5 14. Kb1 b4 15. Ne2 Rb8 16. Nc1 Qb6 17. Bc4 Na5 18. Be2 Qxd6 19. Rxd6 Rd8 20. Rhd1 Kf8 21. Bxa6 Ke7 22.
Be2 Bb7 23. Bf3 f6 24. R6d4 Nc6 25. R4d2 e5 26. Nd3 d6 27. g3 Nd4 28. Bh1 Ba6 29.
Nc1 h5 30. Nb3 Ne6 31. fxe5 fxe5 32. Bf3 g6 33. Be2 Bb7 34. Bd3 Rf8 35. Bc4 Rbd8 36.
Bxe6 Kxe6 37. Nc5+ dxc5 38. Rxd8 Rxd8 39. Rxd8 Bxe4 40.
Kc1 Bd5 41. a4 bxa3 42. bxa3 e4 43. Kd2 h4 44. gxh4 Bc4 45. Ke3 Kf5 46. Rc8 Bf1 47. Rxc5+ Kg4 48. Rg5+ Kxh4 49. Rxg6 Kh3 50. Kxe4 Kxh2 51.
Kd4 Kh3 52. a4 Kh4 53. a5 Kh5 54. Rg1 Ba6 55. Kc5 Kh6 56. Kb6 Bc4 57. a6 1-0

[Event "*** Titled Tuesday Blitz"]
[Site "Chess.com"]
[Date "2019.02.05"]
[Round "6"]
[White "iLuusions"]
[Black "dmosesov"]
[Result "1-0"]
[WhiteElo "2624"]
[BlackElo "2360"]
[TimeControl "180+2"]
[EndTime "14:24:20 PST"]
[Termination "iLuusions won by resignation"]

1. d4 Nf6 2. c4 e6 3. Nf3 d5 4. g3 dxc4 5. Bg2 b5 6. a4 c6 7. axb5 cxb5 8. Ne5 Nd5 9. Nc3 Bb4 10.
O-O Bxc3 11. bxc3 O-O 12. Qc2 Bb7 13. Ba3 Re8 14. Rfb1 a6 15. e4 Nb6 16. f4 Nc6 17. Nf3 Na5 18. Bc5 Na4 19. Rxa4 bxa4 20. Bb6 Nb3 21.
Bxd8 Raxd8 22. e5 h6 23. Ng5 Bxg2 24. Qh7+ Kf8 25. Qh8+ Ke7 26. Qxg7 hxg5 27. Kxg2 a3 28. fxg5 a2 29. Rf1 Rf8 30. g6 Kd7 31. gxf7 a1=Q 32.
Rxa1 Nxa1 33. g4 Nb3 34. g5 a5 35. g6 a4 36. Qf6 a3 37. Qf3 Ke7 38. Qb7+ Rd7 39. Qb4+ 1-0

[Event "*** Titled Tuesday Blitz"]
[Site "Chess.com"]
[Date "2019.02.05"]
[Round "6"]
[White "salomez"]
[Black "SolidAsARook"]
[Result "0-1"]
[WhiteElo "2124"]
[BlackElo "2190"]
[TimeControl "180+2"]
[EndTime "14:24:20 PST"]
[Termination "SolidAsARook won by checkmate"]

1. e4 e5 2. Nf3 Nc6 3. Bb5 Nf6 4. d3 Bc5 5. O-O d6 6. Nbd2 O-O 7. Re1 Ng4 8. Re2 f5 9. Bc4+ Kh8 10. h3 Nxf2 11.
Rxf2 Bxf2+ 12. Kxf2 fxe4 13. dxe4 Qh4+ 14. Kg1 Qg3 15. Nf1 Qg6 16. Qe1 Rxf3 17. Kh2 Rf8 18. Bd3 Be6 19. Be3 a5 20. c3 Ne7 21. Ng3 Rf7 22. Be2 Rff8 23. Qd2 Qe8 24. a3 Ng6 25. Nh5 Qe7 26. Bg5 Qd7 27. Rd1 a4 28. Qe3 Rf7 29. Qg3 Raf8 30. Be3 Nf4 31. Bf3 g6 32. Nxf4 exf4 33.
Bd4+ Kg8 34. Qh4 Bb3 35. Re1 c5 36. Bg1 Qe7 37. Qh6 Qe5 38. Bf2 b5 39. Bh4 b4 40.
Rc1 bxa3 41. bxa3 Bc4 42. Bf2 Rb8 43. Rd1 Rb2 44. Bh4 Be2 45. Bxe2 Rxe2 46. Rd5 Qxe4 47. Qg5 Qxd5 48. Qh6 Qxg2# 0-1

[Event "*** Titled Tuesday Blitz"]
[Site "Chess.com"]
[Date "2019.02.05"]
[Round "6"]
[White "JoachimMouhamad"]
[Black "StoreySniper"]
[Result "0-1"]
[WhiteElo "2284"]
[BlackElo "2342"]
[TimeControl "180+2"]
[EndTime "14:24:22 PST"]
[Termination "StoreySniper won by checkmate"]

1. e4 d5 2. exd5 Qxd5 3. Nc3 Qd6 4. d4 Nf6 5. g3 Nc6 6. Nf3 Bg4 7. Bf4 Qe6+ 8. Be3 O-O-O 9. Be2 Bxf3 10. Bxf3 Nxd4 11. O-O Nxf3+ 12. Qxf3 Qg4 13. Qg2 e6 14. Nb5 a6 15. a4 Qe4 16. Qh3 axb5 17. axb5 Bd6 18. Rfe1 Qf5 19. Qg2 Qxb5 20. c4 Qc6 21. Qf1 Bc5 22. Ra8+ Kd7 23. Rxd8+ Rxd8 24. Bg5 Ke7 25. Qh3 h6 26. Bxf6+ gxf6 27. Qxh6 Qf3 28. Rf1 Rd1 29. Rxd1 Qxd1+ 30. Kg2 Qd4 31. Kh3 Qxf2 32. Qc1 Qf5+ 33. Kg2 Qe4+ 34. Kh3 Be3 35. Qc3 Bd4 36. Qb4+ c5 37.
Qb6 Qf5+ 38. Kg2 Qf2+ 39. Kh3 Qf1+ 40. Kh4 f5 41. Qxb7+ Kf6 42. b4 Qxc4 43. b5 Bg1+ 44.
Kh3 Qe2 45. Qg2 Qh5# 0-1

[Event "*** Titled Tuesday Blitz"]
[Site "Chess.com"]
[Date "2019.02.05"]
[Round "6"]
[White "StanislavNovikov"]
[Black "popov_m"]
[Result "1/2-1/2"]
[WhiteElo "2674"]
[BlackElo "2616"]
[TimeControl "180+2"]
[EndTime "14:24:24 PST"]
[Termination "Game drawn by repetition"]

1. e4 e6 2. Qe2 c5 3. Nf3 Nc6 4.
g3 d6 5. Bg2 Nf6 6. O-O Be7 7.
c3 e5 8. Na3 O-O 9. h3 Rb8 10. Rd1 b5 11. d4 Qb6 12. dxe5 dxe5 13.
Bg5 h6 14. Bxf6 Bxf6 15. Nc2 Be6 16. Ne3 Ne7 17. Nh2 g6 18. h4 Rbd8 19. h5 Bg7 20.
Nhg4 f5 21. Nh2 f4 22. Nd5 Nxd5 23. exd5 Bc8 24. Be4 c4 25. Kg2 Bf5 26. Nf3 Bg4 27. hxg6 Rf6 28. Rh1 Rdf8 29. Raf1 h5 30. Rh4 Qd6 31.
Rhh1 a5 32. a3 Qc5 33. Rh4 Qd6 34. Rh2 Bh6 35. Rh3 Kg7 36. Rh4 Bg5 37. Rhh1 Bh6 38. Rh4 Qb6 39. Rhh1 Qd6 40. Rh4 Qb6 41. Rhh1 Qd6 42.
Rh4 Qc5 43. Rhh1 Qd6 1/2-1/2

[Event "*** Titled Tuesday Blitz"]
[Site "Chess.com"]
[Date "2019.02.05"]
[Round "6"]
[White "valeriocarnicelli"]
[Black "RiskyDecision"]
[Result "1-0"]
[WhiteElo "2451"]
[BlackElo "2413"]
[TimeControl "180+2"]
[EndTime "14:24:24 PST"]
[Termination "valeriocarnicelli won by checkmate"]

1. e4 e6 2. d4 d5 3. Nc3 Nf6 4. e5 Nfd7 5. f4 c5 6. Nf3 Nc6 7. Be3 cxd4 8. Nxd4 Bc5 9. Qd2 O-O 10. O-O-O a6 11. Qf2 Qe7 12. h4 Nxd4 13. Bxd4 b5 14.
Bd3 b4 15. Ne2 a5 16. g4 a4 17.
Kb1 b3 18. h5 Ba6 19. Nc1 bxc2+ 20. Qxc2 Bxd3 21. Qxd3 Rfb8 22. Rh2 Rb4 23. Qe3 Rab8 24. g5 Bxd4 25. Rxd4 Qc5 26. Rhd2 Qb6 27. Qc3 Rxd4 28.
Qxd4 Qb5 29. h6 g6 30. Rc2 Nb6 31. Rc5 Qa6 32. Rc6 Qb5 33. Qc5 Qxc5 34. Rxc5 Nc4 35.
Nd3 Kf8 36. Kc1 Ke8 37. Rc7 Kf8 38. Nc5 Rxb2 39. Nd7+ Ke7 40. Nf6+ Kd8 41. Rxc4 Rxa2 42. Rb4 a3 43. Ra4 d4 44. Rxd4+ Ke7 45. Rd7+ Kf8 46. Rd8+ Ke7 47. Re8# 1-0

[Event "*** Titled Tuesday Blitz"]
[Site "Chess.com"]
[Date "2019.02.05"]
[Round "6"]
[White "cool4chess"]
[Black "mouseWLZ"]
[Result "0-1"]
[WhiteElo "2309"]
[BlackElo "2478"]
[TimeControl "180+2"]
[EndTime "14:24:31 PST"]
[Termination "mouseWLZ won by resignation"]

1. e4 e6 2. d4 d5 3. Nc3 Nf6 4. Bg5 Bb4 5. e5 h6 6. Bh4 g5 7. Bg3 Ne4 8. Ne2 c5 9. f3 cxd4 10. fxe4 dxc3 11. bxc3 Ba5 12. exd5 Qxd5 13. Qxd5 exd5 14.
O-O-O Be6 15. Nd4 Bxc3 16. Nb5 Ba5 17. Nd6+ Ke7 18. Nxb7 Bb4 19. Bb5 Rc8 20. Nd6 Rc7 21.
Rd3 Nd7 22. a3 Bc5 23. Rf1 Rb8 24. a4 Rb6 25. Rdf3 a6 26. Bxd7 Kxd7 27. Nxf7 Rcb7 28. Nd6 Rb1+ 29. Kd2 Rxf1 30. Rxf1 Rb4 31. a5 Rd4+ 32. Kc3 Ra4 33. Nb7 d4+ 34. Kd2 Bb4+ 35. Ke2 Bc4+ 36. Kf2 Bxf1 37. Kxf1 Ra2 38. Bf2 Rxc2 39. Bxd4 Kc7 40.
Nd6 Bxd6 41. exd6+ Kxd6 42. Bg7 h5 43. Bf6 g4 44. h3 Kd5 45. hxg4 hxg4 46. g3 Ke4 47. Bd8 Kf3 0-1

[Event "*** Titled Tuesday Blitz"]
[Site "Chess.com"]
[Date "2019.02.05"]
[Round "6"]
[White "Pilopa"]
[Black "Peng_Li-Min"]
[Result "0-1"]
[WhiteElo "2481"]
[BlackElo "2676"]
[TimeControl "180+2"]
[EndTime "14:24:32 PST"]
[Termination "Peng_Li-Min won by checkmate"]

1. d4 Nf6 2. c4 g6 3. Nc3 d5 4. cxd5 Nxd5 5. e4 Nxc3 6. bxc3 Bg7 7. Nf3 O-O 8. Be3 c5 9. Qd2 Nc6 10. d5 Qa5 11. Rc1 Ne5 12. Nxe5 Bxe5 13. f4 Bg7 14. c4 Qc7 15. e5 Bf5 16. Bd3 Bxd3 17. Qxd3 f6 18.
e6 f5 19. O-O b6 20. a4 Rfd8 21. Rb1 Rd6 22. Qb3 Bf6 23. Rf2 Rdd8 24. g3 Rd6 25.
a5 Bd4 26. Bxd4 cxd4 27. Qd3 Rc8 28. Qxd4 Qxc4 29. Qxc4 Rxc4 30. axb6 axb6 31. Rb5 Rd4 32. Rfb2 R4xd5 33. Rxd5 Rxd5 34. Rxb6 Rd1+ 35. Kg2 Rd2+ 36. Kh3 Kg7 37. Rb5 Kf6 38. Re5 h6 39. Re1 g5 40.
g4 Rd3+ 41. Kg2 gxf4 42. gxf5 Kxf5 43. Kf2 Rd2+ 44. Kg1 Rd6 45. Ra1 Rxe6 46. Ra5+ Re5 47. Ra6 e6 48. Kf2 Rb5 49. Ra8 Rb2+ 50. Kf3 Rb3+ 51.
Kf2 e5 52. Rh8 Rb2+ 53. Kg1 e4 54. Rxh6 e3 55. Rh8 Kg4 56. h4 Rb1+ 57. Kh2 e2 58. Rg8+ Kxh4 59. Rh8+ Kg4 60. Rg8+ Kf3 61. Kh3 Rh1# 0-1

[Event "*** Titled Tuesday Blitz"]
[Site "Chess.com"]
[Date "2019.02.05"]
[Round "6"]
[White "MissingLife"]
[Black "xLuring1"]
[Result "0-1"]
[WhiteElo "2418"]
[BlackElo "2332"]
[TimeControl "180+2"]
[EndTime "14:24:32 PST"]
[Termination "xLuring1 won by resignation"]

1. Nf3 Nf6 2. g3 g6 3. Bg2 Bg7 4. O-O O-O 5. c4 d6 6. Nc3 e5 7. Rb1 Bf5 8. d3 Qd7 9. Re1 Bh3 10. Bh1 h6 11. Nd2 Nc6 12. b4 Rab8 13. a4 Ng4 14. c5 f5 15. cxd6 cxd6 16. b5 Nd4 17. e3 Ne6 18. Bd5 Kh7 19. Ba3 Rbe8 20. Nc4 f4 21. Ne4 fxg3 22. fxg3 Ng5 23. Nxg5+ hxg5 24. Rb2 Rf6 25.
Bxd6 Rxd6 26. Nxd6 Qxd6 27. e4 Qc5+ 28. d4 exd4 29.
Qd3 Rf8 30. Rc2 Qb4 31. Rec1 Ne5 32. Qb3 Nf3+ 33. Kh1 Ne1 34. Qc4 d3 35. Bf7 Qxc4 36.
Rxc4 Rxf7 37. Rxe1 d2 38. Rd1 Rf2 39. Rc2 Bc3 40.
Rxc3 Bg4 41. Rc7+ Kh6 42. Rxd2 Rxd2 43. Rxb7 Bh3 44. Kg1 Rg2+ 45. Kh1 Ra2 46. Kg1 Rg2+ 47. Kf1 Ra2+ 48. Ke1 Rxa4 49. Kd2 Rxe4 50. Kc3 Ra4 51.
Kb3 Ra1 52. Kb2 Ra5 53. Kb3 Bf1 54. Kb4 Rxb5+ 55. Rxb5 Bxb5 56. Kxb5 Kh5 57. Ka6 Kg4 58. Kxa7 Kh3 59. Kb6 Kxh2 60. Kc5 Kxg3 61. Kd4 Kf3 62. Ke5 g4 0-1

[Event "*** Titled Tuesday Blitz"]
[Site "Chess.com"]
[Date "2019.02.05"]
[Round "6"]
[White "IngOscarArdila"]
[Black "chesstatour"]
[Result "1-0"]
[WhiteElo "2049"]
[BlackElo "2001"]
[TimeControl "180+2"]
[EndTime "14:24:32 PST"]
[Termination "IngOscarArdila won on time"]

1. e4 c6 2. d3 d5 3. Nd2 g6 4. Ngf3 Bg7 5. g3 Nf6 6. Bg2 O-O 7. O-O Re8 8. Re1 dxe4 9. dxe4 e5 10. c3 Qc7 11. Qc2 a5 12. Nc4 b5 13. Ne3 Na6 14.
b3 Nc5 15. Nd2 Rd8 16. Bf1 Ng4 17. Ba3 Nxe3 18. Rxe3 Ne6 19. Nf3 c5 20. Bxb5 Bb7 21.
Rd1 Rxd1+ 22. Qxd1 Rd8 23. Qc2 g5 24. Bc4 g4 25.
Nh4 Ng5 26. Rd3 Bxe4 27. Rxd8+ Qxd8 28. Qe2 Nf3+ 29. Nxf3 Bxf3 30. Qe1 Qd6 31. Be2 Bc6 32.
Bxg4 e4 33. Qe3 Bf8 34. Qg5+ Qg6 35. Qxg6+ hxg6 36. Kf1 f5 37. Be2 Kf7 38. c4 Ke6 39. Bb2 Kd6 40. Bc3 a4 41. h4 axb3 42. axb3 Bh6 43. Ke1 Bc1 44. Bd2 Bb2 45. Bf4+ Ke6 46. Kd2 Bf6 47. Be3 Be7 48. Kc3 Bf6+ 49. Kc2 Be7 50. Bd2 Bf6 51. Bc3 Be7 52. h5 gxh5 53.
Bxh5 Bd6 54. Bg6 Bd7 55. Bd2 1-0

[Event "*** Titled Tuesday Blitz"]
[Site "Chess.com"]
[Date "2019.02.05"]
[Round "6"]
[White "Abund"]
[Black "MITerryble"]
[Result "0-1"]
[WhiteElo "2546"]
[BlackElo "2795"]
[TimeControl "180+2"]
[EndTime "14:24:33 PST"]
[Termination "MITerryble won by resignation"]

1. Nf3 Nf6 2. c4 b6 3. Nc3 Bb7 4. g3 g6 5. Bg2 Bg7 6. d4 O-O 7. O-O e6 8. Qc2 d5 9. Ne5 h6 10. Rd1 Nbd7 11. Qa4 c6 12. Nxc6 Bxc6 13. Qxc6 Rc8 14.
Qa4 Rxc4 15. Qxa7 Nb8 16. Bf4 Nc6 17. Qa6 Nh5 18. Be3 Nxd4 19. Bxd4 Rxd4 20. e3 Rb4 21.
Qa3 Rc4 22. Qb3 Qc7 23. Nb5 Qc5 24. a4 Rb4 25. Qd3 Rxb2 26. Rac1 Qb4 27. Nc3 Nf6 28. Qd4 Qxd4 29. exd4 Rb4 30. Rb1 Rc4 31. Ne2 Rxa4 32. Rxb6 Rc8 33. h3 Ra2 34. Bf3 Nd7 35. Rb7 Nf6 36. Kf1 Ne8 37. Rd3 Nd6 38. Rd7 Nb5 39. Rb7 Nd6 40. Rd7 Nc4 41. Nf4 Nd2+ 42. Kg2 Rcc2 43. Bd1 Rcb2 44. Rd8+ Kh7 45. Rd7 Ne4 46.
Ne2 Rxe2 47. Bxe2 Rxe2 48. Rxf7 Kg8 49. Rff3 g5 50. Kf1 Rb2 51. Kg2 Kh7 52. h4 g4 53. Rf4 h5 54. Kg1 Kg6 55. f3 Nxg3 56.
Rxg4+ hxg4 57. fxg4 Bxd4+ 0-1

[Event "*** Titled Tuesday Blitz"]
[Site "Chess.com"]
[Date "2019.02.05"]
[Round "6"]
[White "wadsy27"]
[Black "PotapovaM"]
[Result "1-0"]
[WhiteElo "2324"]
[BlackElo "2416"]
[TimeControl "180+2"]
[EndTime "14:24:35 PST"]
[Termination "wadsy27 won by resignation"]

1. c4 Nf6 2. g3 e5 3. Bg2 d6 4.
Nc3 Nbd7 5. Nf3 g6 6. O-O Bg7 7. Rb1 O-O 8. b4 a5 9. b5 Nc5 10. Ba3 Ne6 11. d3 Nd7 12. Nd2 h6 13. Nd5 Nf6 14. b6 c6 15. Nxf6+ Bxf6 16. c5 d5 17. e4 Bg7 18. exd5 cxd5 19. Qb3 e4 20. dxe4 dxe4 21. Nxe4 Nd4 22. Qd1 Bf5 23. Bb2 Re8 24. Re1 Rb8 25.
Rc1 Qd7 26. Nd6 Rxe1+ 27. Qxe1 Bg4 28. Bxd4 Bxd4 29. Qxa5 Kh7 30. Qa7 Rf8 31. Qxb7 Qe6 32. Qe4 Qf6 33. Qxg4 Qxf2+ 34. Kh1 Bxc5 35. Ne4 Qe3 36.
Qd1 Bxb6 37. Qd2 Qxd2 38. Nxd2 Be3 39. Rc2 Rd8 40. Nf1 Rd1 41. a4 Bd4 42. Ra2 Ba7 43.
a5 f5 44. h4 g5 45. Kh2 Kg6 46.
a6 Kh5 47. Bf3+ g4 48. Bxd1 1-0

[Event "*** Titled Tuesday Blitz"]
[Site "Chess.com"]
[Date "2019.02.05"]
[Round "6"]
[White "Koksik_13"]
[Black "GameOverBro"]
[Result "0-1"]
[WhiteElo "2680"]
[BlackElo "2525"]
[TimeControl "180+2"]
[EndTime "14:24:36 PST"]
[Termination "GameOverBro won by resignation"]

1. e4 d6 2. d4 Nf6 3. Nc3 e5 4.
dxe5 dxe5 5. Qxd8+ Kxd8 6. Nf3 Bd6 7. Bc4 Ke7 8. Bg5 Be6 9. Bb3 c6 10. O-O-O Nd7 11. Kb1 h6 12. Bh4 Rhd8 13. h3 a5 14. Bxe6 Kxe6 15. a3 Nc5 16. Bxf6 Kxf6 17. Nh2 Ke6 18.
Ng4 h5 19. Ne3 g6 20. g4 Rh8 21. a4 Bc7 22. b3 Rad8 23. Rxd8 Bxd8 24. Rd1 Bc7 25. f3 hxg4 26. hxg4 Rh3 27. Rf1 Ke7 28. Kb2 Ne6 29. Ne2 Ng5 30. Ng1 Rh2 31. Nc4 Ke6 32. Kc1 b5 33. axb5 cxb5 34. Na3 Bb6 35. Kd1 Rh1 36.
Nxb5 Rxg1 37. Rxg1 Bxg1 38. Ke2 Bb6 39. Na3 Bc7 40.
Nb5 Bb6 41. c3 Kd7 42. Na3 Ne6 43. Nc4 Bc7 44. b4 axb4 45. cxb4 Kc6 46. Kf2 Kb5 47.
Nb2 Kxb4 48. Kg3 Kc3 49. Nd1+ Kd2 50. Nb2 Kc3 51. Nd1+ Kd2 52. Nb2 Nd4 53. Na4 Ke3 54.
Nc3 Ne2+ 55. Nxe2 Kxe2 56. Kh4 Bd8+ 57. Kg3 Ke3 58. f4 exf4+ 0-1

[Event "*** Titled Tuesday Blitz"]
[Site "Chess.com"]
[Date "2019.02.05"]
[Round "6"]
[White "x-6099009240"]
[Black "M1711"]
[Result "0-1"]
[WhiteElo "2392"]
[BlackElo "2527"]
[TimeControl "180+2"]
[EndTime "14:24:36 PST"]
[Termination "M1711 won by checkmate"]

1. e4 e5 2. Nf3 Nc6 3. Nc3 Nf6 4. d4 exd4 5. Nxd4 Bb4 6. Nxc6 bxc6 7. Bd3 d5 8. exd5 O-O 9. O-O Bg4 10. f3 Bh5 11. dxc6 Qd4+ 12. Kh1 Bxc3 13. bxc3 Qxc3 14. Bg5 Qxc6 15.
Qd2 Bg6 16. Bxg6 hxg6 17. Bxf6 Qxf6 18. Qd7 Qc3 19. Rfd1 c5 20. Qd3 Qf6 21. Qd6 Qc3 22. Qd3 Qb2 23. Qb3 Qf6 24. Qc4 Qe5 25. Re1 Qg5 26. f4 Qf6 27. Rad1 Rad8 28. Qxc5 Qxf4 29. Qxa7 Qc4 30. Rxd8 Rxd8 31. Qa5 Rc8 32. c3 Qh4 33. Rc1 Qf4 34. Qa3 Qd2 35. h3 Rc4 36. Rb1 Rxc3 37. Qa8+ Kh7 38. a4 Qc2 39. Rg1 Ra3 40. a5 Qc5 41. a6 Qb6 42. Qb7 Qxa6 43. Qxf7 Qc6 44. Qf8 Rxh3# 0-1

[Event "*** Titled Tuesday Blitz"]
[Site "Chess.com"]
[Date "2019.02.05"]
[Round "6"]
[White "ElGasanov"]
[Black "FelixBlohberger"]
[Result "0-1"]
[WhiteElo "2713"]
[BlackElo "2671"]
[TimeControl "180+2"]
[EndTime "14:24:37 PST"]
[Termination "FelixBlohberger won by resignation"]

1. d4 Nf6 2. c4 e6 3. Bg5 Bb4+ 4. Nd2 h6 5. Bh4 g5 6. Bg3 Ne4 7. Nf3 Nc6 8. a3 Bxd2+ 9. Nxd2 Nxg3 10. hxg3 Nxd4 11.
e3 Nc6 12. Ne4 f5 13. Qh5+ Ke7 14. Nxg5 Qf8 15. O-O-O Qf6 16. f4 d6 17. e4 Bd7 18.
e5 dxe5 19. Nf3 e4 20. Nh4 Rhg8 21. Qe2 Rxg3 22. Qf2 Rag8 23. Qc5+ Kd8 24. Be2 Kc8 25. Rd2 Qe7 26. Qg1 Kb8 27. Rh2 Na5 28. Kc2 Ba4+ 29.
Kb1 Nb3 30. Rd1 c5 31. Qe1 Nd4 32. Rd2 e3 33. Rxd4 cxd4 34. Qf1 Bc6 35. Nf3 Be4+ 36. Ka2 Qc5 37. Ne5 Ka8 38. Rxh6 Rxg2 39. Rxe6 a6 40. Qd1 Rg1 41. Re8+ Rxe8 42. Qxg1 d3 43. Qg6 Rd8 44. Qg5 Qc7 45. Bh5 d2 46. Qg1 Bc2 47.
Bd1 Bxd1 48. Qxd1 e2 0-1

[Event "*** Titled Tuesday Blitz"]
[Site "Chess.com"]
[Date "2019.02.05"]
[Round "6"]
[White "Feegus"]
[Black "DrMelekess"]
[Result "0-1"]
[WhiteElo "2380"]
[BlackElo "2600"]
[TimeControl "180+2"]
[EndTime "14:24:37 PST"]
[Termination "DrMelekess won on time"]

1. d4 Nf6 2. Bf4 g6 3. e3 Bg7 4.
Nf3 O-O 5. Be2 d6 6. h3 Nbd7 7. Bh2 b6 8. O-O Bb7 9. a4 a6 10. Na3 c5 11. c3 Qc7 12. Qb3 Bd5 13. Qd1 Qb7 14. c4 Be4 15. d5 Bxf3 16. Bxf3 Ne8 17. Qc2 Nc7 18. Bg4 Nf6 19. Be2 Nd7 20. Kh1 Rab8 21. Qb3 Nf6 22. Bd3 Rfd8 23. e4 Nd7 24. f4 e6 25. Rae1 Re8 26. e5 exd5 27. exd6 Ne6 28. cxd5 Nd4 29. Qa2 b5 30. Re7 c4 31.
Be4 Rxe7 32. dxe7 Re8 33. axb5 axb5 34. Nxc4 bxc4 35. Qa3 Bf6 36. f5 Rxe7 37. fxg6 hxg6 38. Bxg6 fxg6 39. Qg3 Kg7 40. Qd6 Rf7 41. Rd1 Nf5 42.
Qa3 Qxb2 43. Qf3 Ne5 0-1